 Dungeon Sprint DCSS version 0.19.1-1-g22dce08 (webtiles) character file.

2803 Ponchio the Thaumaturge (level 9, -3/45 HPs)
             Began as a Deep Elf Fire Elementalist on Jan 5, 2017.
             Blown up by an eye of devastation (36 damage)
             ... with a bolt of energy
             ... in the Dungeon (Sprint V: "Ziggurat Sprint").
             The game lasted 00:12:12 (1041 turns).

Ponchio the Thaumaturge (DEFE)                      Turns: 1041, Time: 00:12:12

Health: -3/45      AC:  1    Str:  5    XL:     9   Next: 44%
Magic:  16/35      EV: 25    Int: 36    God:
Gold:   0          SH:  0    Dex: 15    Spells: 3 memorised, 27 levels left

rFire  . . .     SeeInvis .     I - +6 Majin-Bo {vamp, Archmagi MP+6 Int+6}
rCold  . . .     Gourm    .     a - +0 robe
rNeg   . . .     Faith    .     (shield currently unavailable)
rPois  .         Spirit   .     (no helmet)
rElec  .         Reflect  .     (no cloak)
rCorr  .         Harm     .     (no gloves)
MR     .....     NoTele   +     (no boots)
Stlth  +.........               (no amulet)
                                Q - +5 ring of evasion
                                A - +6 ring of intelligence

@: confused, studying Charms
A: deformed body
a: no special abilities


You were in the Dungeon.
You were not hungry.

You visited 1 branch

Inventory:

Hand Weapons
 I - the +6 Majin-Bo (weapon) {vamp, Archmagi MP+6 Int+6}
   (You found it in the Dungeon)

   It inflicts no extra harm, but heals its wielder when it wounds a living foe.
   It affects your intelligence (+6).
   It affects your magic capacity (+6).
Armour
 a - a +0 robe (worn)
 J - the +15 Maxwell's patent armour {-Cast -Tele rElec MR+ rCorr}
   (You found it in the Dungeon)

   It insulates you from electricity.
   It affects your resistance to hostile enchantments.
   It prevents spellcasting.
   It prevents most forms of teleportation.
   It protects you from acid and corrosion.
Jewellery
 y - a +6 ring of dexterity
 z - a +6 ring of dexterity
 A - a +6 ring of intelligence (left hand)
 B - a +6 ring of intelligence
 C - a +6 ring of strength
 D - a +6 ring of strength
 N - the ring "Jajyzeth" {rCorr rF+ MR- Dex+8 Stlth+}
   (You found it in the Dungeon)

   [ring of resist corrosion]

   It affects your dexterity (+8).
   It protects you from fire.
   It affects your resistance to hostile enchantments.
   It makes you more stealthy.
 Q - a +5 ring of evasion (right hand)
Wands
 E - a wand of disintegration (2/24)
 F - a wand of iceblast (3/15)
 G - a wand of lightning (4/15)
 H - a wand of acid (5/15)
Scrolls
 i - 4 scrolls of blinking
 p - 4 scrolls of amnesia
 q - 3 scrolls of recharging
 r - 7 scrolls of fog
 s - a scroll of holy word
 t - 5 scrolls of identify
 u - 5 scrolls of remove curse
 v - 2 scrolls of fear
Potions
 d - 8 potions of curing
 e - 9 potions of heal wounds
 f - 7 potions of haste
 g - 7 potions of magic
 h - 3 potions of berserk rage
 j - 2 potions of brilliance
 k - 2 potions of invisibility
 l - 4 potions of resistance
 n - 5 potions of agility
 o - 5 potions of might
Books
 b - a book of Flames

   Spells                             Type                      Level
   a - Flame Tongue                   Conjuration/Fire             1
   b - Throw Flame                    Conjuration/Fire             2
   c - Conjure Flame                  Conjuration/Fire             3
   d - Inner Flame                    Hexes/Fire                   3
   e - Sticky Flame                   Conjuration/Fire             4
   f - Fireball                       Conjuration/Fire             5
 m - a book of Debilitation

   Spells                             Type                      Level
   a - Corona                         Hexes                        1
   b - Slow                           Hexes                        2
   c - Gell's Gravitas                Hexes/Translocation          3
   d - Inner Flame                    Hexes/Fire                   3
   e - Cause Fear                     Hexes                        4
   f - Leda's Liquefaction            Hexes/Earth                  4
 K - a book of Battle

   Spells                             Type                      Level
   a - Infusion                       Charms                       1
   b - Shroud of Golubria             Charms/Translocation         2
   c - Song of Slaying                Charms                       2
   d - Spectral Weapon                Hexes/Charms                 3
   e - Regeneration                   Charms/Necromancy            3
 L - the Grimoire of Assistive Calling
   (You found it in the Dungeon)

   Spells                             Type                      Level
   a - Summon Small Mammal            Summoning                    1
   b - Spectral Weapon                Hexes/Charms                 3
   c - Malign Gateway                 Summoning/Translocation      7
   d - Dragon's Call                  Summoning                    9
 M - a manual of Charms
 P - a book of Flames

   Spells                             Type                      Level
   a - Flame Tongue                   Conjuration/Fire             1
   b - Throw Flame                    Conjuration/Fire             2
   c - Conjure Flame                  Conjuration/Fire             3
   d - Inner Flame                    Hexes/Fire                   3
   e - Sticky Flame                   Conjuration/Fire             4
   f - Fireball                       Conjuration/Fire             5
 R - a book of Clouds

   Spells                             Type                      Level
   a - Mephitic Cloud                 Conjuration/Poison/Air       3
   b - Conjure Flame                  Conjuration/Fire             3
   c - Poisonous Cloud                Conjuration/Poison/Air       6
   d - Freezing Cloud                 Conjuration/Ice/Air          6
   e - Ring of Flames                 Charms/Fire                  7
Miscellaneous
 S - a phial of floods (inert)
Comestibles
 c - 4 bread rations
 w - 39 fruits
 x - 4 meat rations
 O - 3 royal jellies


   Skills:
 + Level 11.0 Dodging
 - Level 2.4 Stealth
 + Level 14.6 Spellcasting
 + Level 12.5 Conjurations
 + Level 11.6 Hexes
 - Level 3.2 Fire Magic
 - Level 8.0 Evocations


You had 27 spell levels left.
You knew the following spells:

 Your Spells              Type           Power        Failure   Level  Hunger
a - Flame Tongue          Conj/Fire      #####        1%          1    None
b - Fireball              Conj/Fire      #######...   1%          5    None
c - Cause Fear            Hex            ########..   1%          4    None


Dungeon Overview and Level Annotations

Branches:
Dungeon (1/1)

Altars:
Ashenzari
Cheibriados
Dithmenos
Elyvilon
Fedhas
Gozag
Hepliaklqana
Kikubaaqudgha
Makhleb
Nemelex Xobeh
Okawaru
Qazlal
Ru
Sif Muna
Trog
Uskayaw
Vehumet
Xom
Yredelemnul
Zin
The Shining One
Beogh
Jiyva
Lugonu


Innate Abilities, Weirdness & Mutations

Armour fits poorly on your strangely shaped body.


Message History

The golden eye blinks at you.
You are more confused.
Your water elemental barely misses the golden eye.
Are you sure you want to stumble around while confused and next to your water elemental? [Y]es or [N]o only, please.
Are you sure you want to stumble around while confused and next to your water elemental?
Okay, then.
Are you sure you want to stumble around while confused and next to your water elemental?
Okay, then.
The golden eye blinks at you. You resist with some effort.
Your water elemental barely misses the golden eye.
The golden eye blinks at you.
You are more confused.
Your water elemental hits the golden eye!
The golden eye dies!
The eye of devastation gazes at you. The bolt of energy hits you!
Ouch! That really hurt!
You die...

▓...)....▓..|.)...▓
▓........▓...†....▓
▓........▓........▓
▓.▓....▓.▓.▓....▓.▓
▓........▓........▓
▓▓▓▓▓▓▓▓▓▓▓▓▓▓▓▓▓▓▓
▓...8©8...▓..8©8..▓
▓.≈))))...▓..|)...▓
▓.≈≈@)?...▓...))..▓
▓≈GE≈.....▓.......▓
▓≈≈≈≈.....▓...).).▓
▓.........▓...)[..▓
▓.........▓.......▓
▓.▓.....▓.▓.▓...▓.▓
▓.........▓.......▓
▓▓▓▓▓▓▓▓▓▓▓▓▓▓▓▓▓▓▓
▓..8©8..▓


You could see an eye of devastation and a friendly water elemental.

Vanquished Creatures
  A shining eye (D)
  A troll (D)
  A jumping spider (D)
  2 slime creatures (D)
  2 two-headed ogres (D)
  A redback (D)
  A tarantella (D)
  2 water moccasins (D)
  3 ogres (D)
  A necrophage (D)
  3 scorpions (D)
  A crimson imp (D)
  An iron imp (D)
  2 adders (D)
  A shadow imp (D)
  2 oozes (D)
  An adder zombie (D)
  3 ball pythons (D)
  A bat zombie (D)
  A leopard gecko zombie (D)
  2 quokka zombies (D)
33 creatures vanquished.

Vanquished Creatures (collateral kills)
  A golden eye (D)
1 creature vanquished.

Grand Total: 34 creatures vanquished

Notes
Turn   | Place    | Note
-------+----------+-------------------------------------------
     0 | D        | Ponchio the Deep Elf Fire Elementalist began the quest for the Orb.
     0 | D        | Reached XP level 1. HP: 10/10 MP: 6/6
     0 | D        | Found a deep blue altar of Sif Muna.
     0 | D        | Found a bloodstained altar of Trog.
     0 | D        | Found a sacrificial altar of Ru.
     0 | D        | Found a stormy altar of Qazlal.
     0 | D        | Found an iron altar of Okawaru.
     1 | D        | Found a sparkling altar of Nemelex Xobeh.
     1 | D        | Found a blossoming altar of Fedhas.
     3 | D        | Found an ancient bone altar of Kikubaaqudgha.
     3 | D        | Found a viscous altar of Jiyva.
     3 | D        | Found a corrupted altar of Lugonu.
     3 | D        | Found a hazy altar of Hepliaklqana.
     3 | D        | Found a burning altar of Makhleb.
     3 | D        | Found an opulent altar of Gozag.
    22 | D        | Reached XP level 2. HP: 15/15 MP: 7/9
    42 | D        | Entered arena 1.
    42 | D        | Noticed an air elemental
    42 | D        | Noticed an air elemental
    49 | D        | Entered arena 2.
    49 | D        | Noticed a water moccasin
    51 | D        | Killed a water moccasin
    51 | D        | Reached skill level 8 in Spellcasting
    51 | D        | Reached XP level 3. HP: 6/19 MP: 10/14
    51 | D        | Reached XP level 4. HP: 8/24 MP: 11/16
   253 | D        | Entered arena 3.
   253 | D        | Noticed a water moccasin
   254 | D        | Reached XP level 5. HP: 28/28 MP: 17/17
   261 | D        | Killed a water moccasin
   261 | D        | Reached skill level 10 in Spellcasting
   270 | D        | Identified the Grimoire of Assistive Calling (You found it in the Dungeon)
   291 | D        | Learned a level 5 spell: Fireball
   296 | D        | Learned a level 4 spell: Cause Fear
   297 | D        | Entered arena 4.
   298 | D        | Reached skill level 1 in Hexes
   303 | D        | Reached XP level 6. HP: 11/32 MP: 21/21
   559 | D        | Got the ring "Jajyzeth" {rCorr rF+ MR- Dex+8 Stlth+}
   560 | D        | Entered arena 5.
   620 | D        | Entered arena 6.
   620 | D        | Noticed a two-headed ogre
   620 | D        | Noticed a troll
   620 | D        | Noticed a two-headed ogre
   621 | D        | Reached skill level 5 in Dodging
   621 | D        | Reached skill level 11 in Spellcasting
   621 | D        | Reached skill level 5 in Hexes
   623 | D        | Killed a troll
   623 | D        | Reached XP level 7. HP: 25/36 MP: 12/24
   623 | D        | Killed a two-headed ogre
   623 | D        | Reached skill level 12 in Spellcasting
   623 | D        | Reached skill level 10 in Conjurations
   624 | D        | Reached XP level 8. HP: 23/41 MP: 7/26
   625 | D        | Killed a two-headed ogre
   842 | D        | Entered arena 7.
   842 | D        | Noticed a jumping spider
   844 | D        | Reached skill level 13 in Spellcasting
   845 | D        | Killed a jumping spider
   845 | D        | Reached skill level 10 in Hexes
  1007 | D        | Entered arena 8.
  1007 | D        | Noticed a slime creature
  1007 | D        | Noticed an eye of devastation
  1007 | D        | Noticed a shining eye
  1007 | D        | Noticed a slime creature
  1009 | D        | Gained mutation: Armour fits poorly on your strangely shaped body. [a shining eye]
  1010 | D        | Killed a shining eye
  1010 | D        | Reached skill level 10 in Dodging
  1010 | D        | Reached skill level 14 in Spellcasting
  1010 | D        | Reached XP level 9. HP: 34/45 MP: 18/29
  1041 | D        | Blown up by an eye of devastation

Skill      XL: |  1  2  3  4  5  6  7  8  9 |
---------------+----------------------------+-----
Evocations     | 8 |  8.0
Conjurations   | 6 8 9 10 12 | 12.5
Spellcasting   | 8 10 11 12 14 | 14.6
Hexes          | 2 6 8 11 | 11.6
Dodging        | 3 6 7 10 11 | 11.0
Stealth        | |  2.4
Fire Magic     | |  3.2

Action                   |  1- 3 |  4- 6 |  7- 9 || total
-------------------------+-------+-------+-------++-------
Melee: Quarterstaff      |     1 |    20 |     1 ||    22
 Cast: Fireball          |       |     3 |    12 ||    15
Evoke: Wand              |     2 |     3 |     3 ||     8
       Phial of floods   |       |       |     1 ||     1
  Use: Potion            |     1 |       |     4 ||     5
  Eat: Fruit             |     3 |       |       ||     3
       Bread ration      |       |     1 |       ||     1
Armor: Plate armour      |    23 |    15 |       ||    38
       Robe              |       |     4 |       ||     4
Dodge: Dodged            |       |    13 |     3 ||    16
